 Dungeon Crawl Stone Soup version 0.28.0 (webtiles) character file.

Game seed: 13634811249840695107

238 croobank the Firebug (level 5, 0/38 HPs)
             Began as a Draconian Fire Elementalist on Feb 10, 2022.
             Succumbed to an adder's poison
             ... on level 5 of the Dungeon.
             The game lasted 00:11:54 (3449 turns).

croobank the Firebug (Draconian Fire Elementalist)  Turns: 3449, Time: 00:11:54

Health: 0/38       AC:  6    Str: 10    XL:     5   Next: 78%
Magic:  8/9        EV: 12    Int: 18    God:
Gold:   80         SH:  0    Dex: 11    Spells: 3/10 levels left

rFire   . . .      SeeInvis .   a - +0 short sword (elec)
rCold   . . .      Faith    .   (no shield)
rNeg    . . .      Spirit   .   (armour unavailable)
rPois   .          Reflect  .   (helmet restricted)
rElec   .          Harm     .   (no cloak)
rCorr   .          Rampage  .   (no gloves)
Will    .....                   f - +0 pair of boots
Stlth   ++........              i - amulet of the acrobat
HPRegen 0.12/turn               (no ring)
MPRegen 0.11/turn               (no ring)

@: lethally poisoned (0 -> -3)
A: AC +5, unfitting armour, cold-blooded
a: no special abilities


You were on level 5 of the Dungeon.
You visited 1 branch of the dungeon, and saw 5 of its levels.

You collected 80 gold pieces.

Inventory:

Hand Weapons
 a - a +0 short sword of electrocution (weapon)
 b - a +0 hunting sling
 l - a +2 whip of holy wrath
 m - a +3 dagger of speed
 t - a +0 war axe
Missiles
 c - 20 arrows
 r - 30 sling bullets
 u - 5 javelins
Armour
 f - a +0 pair of boots (worn)
 g - a +2 buckler
Jewellery
 i - an amulet of the acrobat (around neck)
 k - an amulet of reflection
Scrolls
 n - a scroll of fear {unknown}
 o - a scroll of fog
 q - a scroll of noise {unknown}
 s - a scroll of teleportation {unknown}
Potions
 j - a potion of flight


   Skills:
 + Level 2.8 Dodging
 + Level 3.1 Stealth
 + Level 3.1 Spellcasting
 + Level 2.6 Conjurations
 + Level 3.9 Fire Magic


You had 3 spell levels left.
You knew the following spells:

 Your Spells              Type           Power      Damage    Failure   Level
a - Foxfire               Conj/Fire      56%        2x1d6     4%          1
b - Scorch                Fire           32%        2d7       4%          2
c - Flame Wave            Conj/Fire      14%        2d6       38%         4

Your spell library contained the following spells:

 Spells                   Type           Power      Damage    Failure   Level
 Conjure Flame            Conj/Fire      14%        6-21      13%         3
 Inner Flame              Hex/Fire       9%         N/A       22%         3
 Sublimation of Blood     Necr           2%         N/A       24%         2
 Wereblood                Tmut           2%         N/A       24%         2
 Summon Hydra             Summ           1%         N/A       100%        7


Dungeon Overview and Level Annotations

Branches:
Dungeon (5/15)
 Temple: D:4-7

Altars:

Shops:
D:3 (   D:4 =

Annotations:
D:4 Natasha, Pikel


Innate Abilities, Weirdness & Mutations

Your plain brown scales are hard. (AC +5)
You cannot fit into any form of body armour.
You are cold-blooded and may be slowed by cold attacks.


Message History

Pikel hits you with a +1 whip of flaming.
Pikel burns you.
Pikel hits you with a +1 whip of flaming.
Pikel burns you.
You closely miss Pikel.
Pikel is lightly wounded.
Pikel hits you with a +1 whip of flaming!
* * * LOW HITPOINT WARNING * * *
Pikel burns you.
* * * LOW HITPOINT WARNING * * *
Okay, then.
You feel better.
Pikel hits you with a +1 whip of flaming!
* * * LOW HITPOINT WARNING * * *
Pikel burns you.
* * * LOW HITPOINT WARNING * * *
The lemure shouts!
The iron imp shouts, "Return whence thou came, thou gorbellied folly-fallen flap-bat!"
Pikel cracks his whip.
The lemure misses you.
Natasha howls an incantation.
Natasha's front paws start to glow.
Natasha casts a spell.
An adder comes into view.
The adder misses you. The adder bites you but does no damage.
The adder closely misses you.
Found a stone staircase leading down.
The adder closely misses you. The adder completely misses you.
A kobold comes into view. It is wielding a +0 dagger.
Natasha mumbles some strange words.
The adder completely misses you.
Natasha howls an incantation.
You feel disoriented.
There is a stone staircase leading down here.
The adder misses you. The adder bites you.
* * * LOW HITPOINT WARNING * * *
You are lethally poisoned!
The adder poisons you!
You climb downwards.
You die...

####
##...##
#....@#
#......S#
..........#
.....#....#
....###....
.... ...##.
... ..## .#
.. .## #


You could see an adder.

Vanquished Creatures
  A water moccasin skeleton (D:4)
  A jelly (D:4)
  A bullfrog skeleton (D:4)
  2 orc wizards (D:4)
  A dart slug (D:1)
  6 orcs (D:4)
  4 ball pythons
  6 endoplasms
  3 giant cockroaches
  7 goblins
  9 hobgoblins
  5 jackals
  3 quokkas
  6 bats
  2 frilled lizards (D:2)
  5 kobolds
  6 rats
68 creatures vanquished.

Vanquished Creatures (others)
  90 foxfires
90 creatures vanquished.

Grand Total: 158 creatures vanquished

Notes
Turn   | Place    | Note
-------+----------+-------------------------------------------
     0 | D:1      | croobank the Draconian Fire Elementalist began the quest
                  | for the Orb.
     0 | D:1      | Reached XP level 1. HP: 14/14 MP: 3/3
   323 | D:1      | Found a faded altar of an unknown god.
   457 | D:1      | Reached XP level 2. HP: 20/20 MP: 0/5
   470 | D:1      | Learned a level 2 spell: Scorch
  1083 | D:2      | Reached XP level 3. HP: 26/26 MP: 3/6
  2920 | D:3      | Found Femol's Antique Weapon Shoppe.
  3033 | D:4      | Reached XP level 4. HP: 33/33 MP: 4/7
  3038 | D:4      | Learned a level 4 spell: Flame Wave
  3154 | D:4      | Reached XP level 5. HP: 17/38 MP: 3/9
  3251 | D:4      | Found Ditaops's Jewellery Emporium.
  3384 | D:4      | Noticed Pikel
  3389 | D:4      | Noticed a lemure
  3389 | D:4      | Noticed Natasha
  3389 | D:4      | Noticed a lemure
  3390 | D:4      | Noticed a lemure
  3391 | D:4      | Noticed a lemure
  3421 | D:4      | HP: 1/38 [Pikel (4)]
  3448 | D:4      | HP: 1/38 [adder (3)]
  3449 | D:5      | Entered Level 5 of the Dungeon
  3449 | D:5      | Succumbed to an adder's poison

Illustrated notes

Levels and vault maps discovered:
D:1:      evilmike_arrival_fibonacci_small, layout_loops_cross,
          ebering_ecumenical_altar_webs
D:2:      layout_loops_corners, grunt_decor_clamped
D:3:      layout_loops_ring, serial_shops, nicolae_lakefront_shop
D:4:      layout_rooms, serial_shops, shop_fountains, uniq_pikel, uniq_natasha
D:5:      layout_loops_corners, minmay_temple_entry_grid, corner_web_ring,
          hangedman_decor_lopped, uniq_prince_ribbit1, uniq_menkaure,
          uniq_duvessa

Skill      XL: |  1  2  3  4  5 |
---------------+----------------+-----
Stealth        | 2 3 |  3.1
Dodging        | 2 |  2.8
Conjurations   | 2 |  2.6
Spellcasting   | 3 |  3.1
Fire Magic     | |  3.9

Action                   |  1- 3 |  4- 6 || total
-------------------------+-------+-------++-------
Melee: Short sword       |    47 |    60 ||   107
       Tailslap          |     4 |     1 ||     5
 Cast: Foxfire           |    43 |     9 ||    52
       Scorch            |     8 |    10 ||    18
  Use: Scroll            |     3 |     3 ||     6
       Potion            |       |     4 ||     4
 Stab: Sleeping          |     4 |       ||     4
Armor: Skin              |    17 |    25 ||    42
Dodge: Dodged            |    40 |    24 ||    64
